 Dungeon Crawl Stone Soup version 0.29.1-13-g9f3cf754e1 (webtiles) character file.

Game seed: 11229471243766490761

52 Heoruswealwe the Grave Robber (level 3, 0/19 HPs)
             Began as a Deep Elf Necromancer on Feb 2, 2023.
             Was a Follower of Nemelex Xobeh.
             Slain by a crimson imp (2 damage)
             ... summoned by Natasha
             ... on level 2 of the Dungeon.
             The game lasted 00:19:44 (1134 turns).

Heoruswealwe the Grave Robber (DENe)                Turns: 1134, Time: 00:19:45

Health: 0/19       AC:  3    Str:  5    XL:     3   Next: 60%
Magic:  2/10       EV: 12    Int: 21    God:    Nemelex Xobeh [*.....]
Gold:   68         SH:  0    Dex: 15    Spells: 8/9 levels left

rFire   . . .      SeeInvis .   (no weapon)
rCold   . . .      Faith    .   (no shield)
rNeg    . . .      Spirit   .   a - +0 robe
rPois   .          Reflect  .   (no helmet)
rElec   .          Harm     .   (no cloak)
rCorr   .          Rampage  .   (no gloves)
Will    .....                   h - +0 pair of boots
Stlth   ++........              (no amulet)
HPRegen 0.06/turn               (no ring)
MPRegen 0.12/turn               (no ring)

@: no status effects
A: no striking features
a: Renounce Religion, Draw Escape, Draw Destruction, Draw Summoning


You were on level 2 of the Dungeon.
You worshipped Nemelex Xobeh.
Nemelex Xobeh was aware of your devotion.
You visited 1 branch of the dungeon, and saw 2 of its levels.

You collected 68 gold pieces.

Inventory:

Hand Weapons
 b - a +0 club
 d - a +0 club
 g - a +0 whip
 k - a +0 spear
 l - a +0 sling
 o - a +0 dagger
 q - a +0 short sword
 r - a +0 short sword
 t - a +0 war axe
 w - a +0 dagger
 y - a +0 club
 z - a +0 club
 A - a +0 dagger
 C - a +0 club
 D - a +0 dagger
Missiles
 n - 5 stones
Armour
 a - a +0 robe (worn)
 c - a +0 plate armour
 e - a +0 robe
 h - a +0 pair of boots (worn)
 v - a +0 leather armour
Scrolls
 f - 2 scrolls of noise {unknown}
 i - 2 scrolls of teleportation {unknown}
 j - a scroll of torment {unknown}
 p - a scroll of poison {unknown}
 u - a scroll of identify {unknown}
Potions
 m - 2 potions of brilliance {unknown}
 s - a potion of lignification {unknown}
 x - a potion of curing {unknown}
 B - a potion of mutation {unknown}


   Skills:
 + Level 0.1 Fighting
 + Level 2.5 Dodging
 + Level 2.6 Stealth
 + Level 3.5 Spellcasting
 + Level 6.1 Necromancy


You had 8 spell levels left.
You knew the following spells:

 Your Spells              Type           Power      Damage    Failure   Level
a - Necrotise             Necr           100%       1d9       1%          1

Your spell library contained the following spells:

 Spells                   Type           Power      Damage    Failure   Level
 Vampiric Draining        Necr           29%        2d8       3%          3
 Animate Dead             Necr           29%        N/A       11%         4
 Sting                    Tmut/Pois      12%        1d3       13%         1
 Poisonous Vapours        Pois/Air       6%         N/A       19%         2
 Agony                    Necr           29%        N/A       28%         5
 Olgreb's Toxic Radiance  Pois           3%         N/A       77%         4


Dungeon Overview and Level Annotations

Branches:
Dungeon (2/15)

Altars:
Nemelex Xobeh

Shops:
D:1 !

Annotations:
D:2 Natasha


Message History

Natasha writhes in agony.
Natasha mumbles some strange words.
Natasha shimmers violently.
Robin hits Natasha but does no damage.
Your magical contamination has completely faded away.
Casting: Necrotise (safe; 1% risk of failure)
Confirm with . or Enter, or press ? or * to list all spells.
Aiming: Necrotise (safe; 1% risk of failure)
Press: ? - help, Shift-Dir - straight line, f/p - Natasha
Aim: Natasha (lightly wounded, ally target, chance to affect: 83%) Natasha barely resists.
Natasha claws you!
Natasha wildly gestures.
Natasha's front paws start to glow.
Casting: Necrotise (safe; 1% risk of failure)
Confirm with . or Enter, or press ? or * to list all spells.
Aiming: Necrotise (safe; 1% risk of failure)
Press: ? - help, Shift-Dir - straight line, f/p - Natasha
Aim: Natasha (lightly wounded, ally target, chance to affect: 83%) Natasha barely resists.
Natasha closely misses you.
Casting: Necrotise (safe; 1% risk of failure)
Confirm with . or Enter, or press ? or * to list all spells.
Aiming: Necrotise (safe; 1% risk of failure)
Press: ? - help, Shift-Dir - straight line, f/p - Natasha
Aim: Natasha (lightly wounded, ally target, chance to affect: 83%) Natasha writhes in agony.
Robin misses Natasha.
Natasha casts a spell at you. The magic dart hits you.
* * * LOW HITPOINT WARNING * * *
Your kobold skeleton closely misses Natasha.
Casting: Necrotise (safe; 1% risk of failure)
Confirm with . or Enter, or press ? or * to list all spells.
Aiming: Necrotise (safe; 1% risk of failure)
Press: ? - help, Shift-Dir - straight line, f/p - Natasha
Aim: Natasha (moderately wounded, ally target, chance to affect: 83%) Natasha writhes in agony!
Robin closely misses Natasha.
Natasha casts a spell.
Your kobold skeleton barely misses Natasha.
The crimson imp hits you.
You die...
Your body disappears without a glow.

#.# #..#.#. ... ......
#.# ####....# #.#
......)# #†# #.)...#
#.# #..Z..#
#.#####.Z..>#
#####+#.....#.h#####...
#...........##5@...[...
#...........'..........
#......#....####.$.....
...###'##....# ....#..#
...###.##....# ....# .#
.......##..†.# .....# #
...###.......##.....#
..
####...#####......###
.. ####.### #..###.#
####...


You could see Natasha (ally target), a crimson imp (summoned) and the friendly
Robin the hobgoblin skeleton.

Vanquished Creatures
  Robin (D:2)
  2 ball pythons (D:2)
  3 giant cockroaches
  6 hobgoblins (D:2)
  3 jackals (D:2)
  6 kobolds
  5 bats (D:1)
  3 frilled lizards (D:1)
  5 goblins (D:2)
  A rat (D:1)
35 creatures vanquished.

Vanquished Creatures (collateral kills)
  2 goblins (D:2)
2 creatures vanquished.

Grand Total: 37 creatures vanquished

Notes
Turn   | Place    | Note
-------+----------+-------------------------------------------
     0 | D:1      | Heoruswealwe the Deep Elf Necromancer began the quest for
                  | the Orb.
     0 | D:1      | Reached XP level 1. HP: 10/10 MP: 6/6
   114 | D:1      | Reached skill level 5 in Necromancy
   291 | D:1      | Reached XP level 2. HP: 13/15 MP: 5/8
   378 | D:1      | Found a faded altar of an unknown god.
   399 | D:1      | Prayed at the altar of an unknown god.
   399 | D:1      | Became a worshipper of Nemelex Xobeh the Trickster
   399 | D:1      | Reached * piety under Nemelex Xobeh
   439 | D:1      | Received a gift from Nemelex Xobeh
   606 | D:1      | Found Bos Nasy's Distillery.
   992 | D:2      | Reached XP level 3. HP: 19/19 MP: 0/9
  1115 | D:2      | Noticed Robin
  1120 | D:2      | Killed Robin
  1121 | D:2      | Reached skill level 6 in Necromancy
  1121 | D:2      | Noticed Natasha
  1134 | D:2      | Slain by a crimson imp

Illustrated notes

Levels and vault maps discovered:
D:1:      shiori_arrival_oz, layout_loops_cross,
          dreamdust_ecumenical_altar_angels_and_demons, serial_shops,
          nicolae_shop_crystal
D:2:      layout_basic, solitary_fountain, uniq_robin, uniq_sigmund,
          uniq_natasha

Skill      XL: |  1  2  3 |
---------------+----------+-----
Necromancy     | 5 6 |  6.1
Fighting       | |  0.1
Dodging        | |  2.5
Stealth        | |  2.6
Spellcasting   | |  3.5

Action                   || total
-------------------------++-------
 Cast: Necrotise         ||    56
  Use: Potion            ||     1
Armor: Robe              ||     4
Dodge: Dodged            ||     9
